Cogmind - Beta 16 --- EXPLORER MODE // 2025.12.16 @ 12:22:45 Player: K.K.Y. Result: Destroyed by QH-ICH(R) with Subdweller Laser Performance ------------- Evolutions (0) 0 Regions Visited (3) 600 Robots Destroyed (32) 160 Value Destroyed (446) 446 Prototype IDs (0) 0 Alien Tech Used (0) 0 Bonus (0) 0 TOTAL SCORE: 1206 Bonus ------- None Cogmind --------- Core Integrity 0/250 Matter 295/300 Energy 160/160 System Corruption 2% Temperature Warm (146) Movement Flying (117) Ox1 Location -10/Subcaves Parts ------- > --- POWER (1) -------- Light Nuclear Core > --- PROPULSION (3) --- Flight Unit Flight Unit > --- UTILITY (2) ------ Small Storage Unit > --- WEAPON (2) ------- Medium Laser Mining Laser > --- INVENTORY (8) ---- Improved Heat Sink Medium Storage Unit Structural Scanner Sensor Array Improved Terrain Scanner Core Shielding Light Armor Plating Light Armor Plating Peak State ------------ > --- POWER ------------ Light Nuclear Core > --- PROPULSION ------- Flight Unit Flight Unit Flight Unit > --- UTILITY ---------- Small Storage Unit Weight Redist. System > --- WEAPON ----------- Medium Laser Particle Gun > --- INVENTORY -------- Medium Storage Unit Structural Scanner Sensor Array Improved Terrain Scanner Core Shielding Light Armor Plating Light Armor Plating Mining Laser [Rating: 13] Favorites ----------- Power Light Nuclear Core Engine Light Ion Engine Power Core Light Nuclear Core Propulsion Flight Unit Wheel Compact Wheel Flight Unit Flight Unit Utility Small Storage Unit Device Improved Heat Sink Storage Small Storage Unit Weapon Medium Laser Energy Gun Medium Laser Ballistic Gun Assault Rifle Special Weapon Mining Laser Build | -11 -10 -10 -10 ------- Run | Yrd Mat Min Sub Slots Evolved 1 | . 1 . . Power . | . . . . Propulsion 1 | . 1 . . Utility . | . . . . Weapon . | . . . . Parts Attached 25 | 7 7 11 . Power 3 | 1 . 2 . Engine 2 | 1 . 1 . Core 1 | . . 1 . Reactor . | . . . . Propulsion 12 | 2 3 7 . Treads . | . . . . Leg . | . . . . Wheel 2 | 2 . . . Hover . | . . . . Flight 10 | . 3 7 . Utility 5 | 2 2 1 . Device 3 | 1 1 1 . Storage 2 | 1 1 . . Processor . | . . . . Hackware . | . . . . Protection . | . . . . Artifact . | . . . . Weapon 5 | 2 2 1 . Energy Gun 2 | . 2 . . Energy Cannon . | . . . . Ballistic Gun 2 | 2 . . . Ballistic Cannon . | . . . . Launcher . | . . . . Special Weapon 1 | . . 1 . Impact Weapon . | . . . . Slashing Weapon . | . . . . Piercing Weapon . | . . . . Special Melee Weapon . | . . . . Unidentified Prototypes . | . . . . Parts Lost 4 | . . 2 2 Power 1 | . . 1 . Propulsion 2 | . . 1 1 Utility 1 | . . . 1 Weapon . | . . . . Highest Loss Streak 2 | . . 2 1 To Critical Strikes . | . . . . Average Backups 7 | . 4 7 8 Power . | . . . . Propulsion . | . . . . Utility 6 | . 2 7 8 Weapon . | . 1 . . Tool/Special . | . . . . Unused Backups 5 | . . . 5 Power . | . . . . Propulsion . | . . . . Utility 5 | . . . 5 Weapon . | . . . . Tool/Special . | . . . . Average Slot Usage (%) 96 | . 91 97 96 Engine 2 | . 12 . . Core 9 | . . 10 12 Wheel 1 | . 13 . . Flight 33 | . 16 36 34 Device 11 | . 10 12 10 Storage 12 | . 12 12 12 Energy Gun 11 | . 2 13 12 Ballistic Gun 2 | . 22 . . Special Weapon 8 | . . 9 12 Peak Build Rating 13 | 9 11 13 13 Average Rating 11 | 5 9 11 12 On Entrance 8 | . 9 11 13 Avg Prop Armor Cover (%) 6 | . 6 . . Naked Turns . | . . . . Heaviest Build 18 | 18 18 18 14 Greatest Support 32 | 32 32 18 18 Greatest Overweight (x) 3 | 1 3 1 1 Average Overweight (x) . | . . . . Largest Inventory Capacity 10 | 10 10 10 8 Average Capacity 8 | 8 9 8 8 Most Carried 10 | 3 10 10 8 Average Carried 7 | . 4 7 8 Final Capacity 10 | 10 10 8 8 Final Carried 10 | 1 10 8 8 Class Distribution -------------------- 71% | Scavenger-Mutant 28% | Hacker-Mutant Dominant Class ---------------- Hacker-Mutant | -10/Materials Scavenger-Mutant | -10/Mines Scavenger-Mutant | -10/Subcaves Resources | -11 -10 -10 -10 ----------- Run | Yrd Mat Min Sub Matter Collected 925 | 378 206 315 26 Remotely . | . . . . Salvage Created 981 | 280 332 369 . Parts 59 | 21 21 17 . Haulers Intercepted 1 | . 1 . . Recyclers Shooed 1 | . 1 . . Parts Field Recycled . | . . . . Retrieved Matter . | . . . . Parts Self-Destructed . | . . . . Prevented . | . . . . Parts Restored . | . . . . Kills | -11 -10 -10 -10 ------- Run | Yrd Mat Min Sub Combat Hostiles Destroyed 16 | . 7 8 1 Guns 15 | . 7 8 . Cannons 1 | . . . 1 Classes Destroyed 8 | 3 4 . 1 Worker 2 | 2 . . . Tunneler 8 | 7 . 1 . Hauler 1 | . 1 . . Recycler 4 | 1 1 2 . Watcher 1 | . 1 . . Swarmer 10 | . 4 6 . Grunt 5 | . 3 2 . Subdweller 1 | . . . 1 Best Kill Streak 4 | 3 4 3 1 Combat Bots Only 4 | . 4 3 1 Max Kills in Single Turn 1 | 1 1 1 1 Gunslinging . | . . . . Exploded . | . . . . Melee . | . . . . Uniques/NPCs Destroyed . | . . . . Combat | -11 -10 -10 -10 -------- Run | Yrd Mat Min Sub Hostile Shots Fired 58 | . 22 29 7 Missed 18 | . 7 8 3 Hits 40 | . 15 21 4 Projectile 40 | . 15 21 4 Critical Strikes 1 | . . 1 . Damage Taken 515 | . 77 341 97 Core 258 | . 33 203 22 Absorbed by Shields . | . . . . Ignored by Resistances 194 | . 54 109 31 Core Remaining (%) 100 | 100 . . . Volleys Fired 217 | 18 25 159 15 Largest 2 | 2 2 2 2 Hottest 150 | 40 70 150 150 Shots Fired 306 | 36 50 193 27 Gun 171 | 36 50 70 15 Cannon . | . . . . Launcher . | . . . . Special 135 | . . 123 12 Kinetic 78 | 36 42 . . Thermal 228 | . 8 193 27 Explosive . | . . . . Electromagnetic . | . . . . Robot Hit Streak 28 | 11 12 22 28 Robot Miss Streak 2 | 1 2 2 1 Penetration Max . | . . . . Secondary Targets . | . . . . Shots Hit Robots 114 | 27 37 44 6 Core Hits 46 | 11 17 16 2 Critical Kills . | . . . . Critical Parts Destroyed . | . . . . Critical Strikes 6 | . 2 3 1 Burn 6 | . 2 3 1 Melee Attacks . | . . . . Impact . | . . . . Slashing . | . . . . Piercing . | . . . . Sneak Attacks . | . . . . Combat Hostiles . | . . . . Follow-up Attacks . | . . . . Damage Inflicted 1499 | 366 468 569 96 Guns 1451 | 366 468 569 48 Cannons . | . . . . Explosions . | . . . . Melee . | . . . . Ramming . | . . . . Kinetic 747 | 366 381 . . Thermal 752 | . 87 569 96 Explosive . | . . . . Electromagnetic . | . . . . Impact . | . . . . Slashing . | . . . . Piercing . | . . . . Highest Corruption 2 | . 1 2 2 Average Corruption 1 | . 1 1 2 Corruption Purged . | . . . . Corruption Blocked . | . . . . Effects 35 | . 1 15 19 Message Errors 7 | . . 3 4 Matter Fused 8 | . . 5 3 Heat Flow Errors 5 | . . 2 3 Energy Discharges 6 | . 1 1 4 Data Loss (minor) 2 | . . 1 1 Misfires 3 | . . 3 . Alerts 4 | . . . 4 Overload Shots . | . . . . Overflow Damage . | . . . . Projectiles . | . . . . Explosions . | . . . . Melee . | . . . . Knockbacks . | . . . . Impact . | . . . . Kinetic . | . . . . Secondary . | . . . . Self-Inflicted Damage . | . . . . Shots . | . . . . Rammed 2 | . . 1 1 Targets Rammed 2 | . . 1 1 Kicked . | . . . . Crushed . | . . . . Highest Temperature 654 | 6 146 654 263 Average Temperature 146 | 6 65 155 147 Received Heat Transfer 150 | . 18 114 18 Effects 25 | . . 25 . Shutdowns 2 | . . 2 . Energy Bleed 4 | . . 4 . Interference 1 | . . 1 . Matter Decay 3 | . . 3 . Short Circuit 4 | . . 4 . Damage (minor) 2 | . . 2 . Damage (major) 5 | . . 5 . Damage (core) 4 | . . 4 . Siege Activations . | . . . . Martial Activations . | . . . . Shielding Activations . | . . . . Robots Disrupted . | . . . . Combat Hostiles . | . . . . Robots Corrupted . | . . . . Combat Hostiles . | . . . . Parts Fried . | . . . . Impact Corruptions . | . . . . Robots Melted . | . . . . Combat Hostiles . | . . . . Parts Melted 4 | . . 4 . Heat Transferred 2579 | . 407 1850 322 Parts Sabotaged . | . . . . Parts Stolen . | . . . . Parts Stripped . | . . . . Power Chain Reactions . | . . . . Alert | -11 -10 -10 -10 ------- Run | Yrd Mat Min Sub Maximum Alert Level . | . . . . Low Security (%) 100 | 100 100 100 . Level 1 . | . . . . Level 2 . | . . . . Level 3 . | . . . . Level 4 . | . . . . Level 5 . | . . . . High Security . | . . . . Max Security . | . . . . Peak Influence 88 | 15 85 88 . Initial 9 | . 4 9 . Average 9 | 2 23 6 . Influence Increases 458 | 50 189 219 . Destroy 0b10 Robot/C 300 | . 140 160 . Destroy 0b10 Robot/NC 80 | 50 15 15 . Destroy Leader 74 | . 34 40 . Disable Machine 4 | . . 4 . Influence Decreases 458 | 40 164 254 . Entered New Map 32 | . 6 26 . Time Decay 406 | 40 158 208 . Lost Part 20 | . . 20 . Squads Dispatched . | . . . . Investigation . | . . . . Extermination . | . . . . Reinforcement . | . . . . Assault . | . . . . Garrison . | . . . . Intercept . | . . . . Searches Triggered . | . . . . Construction Impeded . | . . . . Haulers Reinforced . | . . . . Active Scanning Responses . | . . . . Cargo Convoy Interrupts . | . . . . Stealth | -11 -10 -10 -10 --------- Run | Yrd Mat Min Sub Distress Signals . | . . . . Communications Jammed . | . . . . Distress Signals . | . . . . Times Spotted 21 | . 10 8 3 Peak Tracking Total 4 | . 4 2 2 Tactical Retreats . | . . . . Traps | -11 -10 -10 -10 ------- Run | Yrd Mat Min Sub Traps Triggered 2 | . 1 . 1 Indirectly . | . . . . Trap Hack Attempts . | . . . . Triggered . | . . . . Disarmed . | . . . . Reprogrammed . | . . . . Reused . | . . . . Traps Extracted . | . . . . Installed . | . . . . Triggered . | . . . . Machines | -11 -10 -10 -10 ---------- Run | Yrd Mat Min Sub Machines Disabled 2 | . . 1 1 Max in Single Turn 1 | . . 1 1 Machines Repaired . | . . . . Machines Dismantled . | . . . . Machines Sabotaged . | . . . . Overloaded Fab Kills . | . . . . Hacking | -11 -10 -10 -10 --------- Run | Yrd Mat Min Sub Machines Accessed 1 | . . 1 . Terminals . | . . . . Fabricators . | . . . . Repair Stations . | . . . . Recycling Units . | . . . . Scanalyzers . | . . . . Garrison Access . | . . . . Total Hacks 1 | . . 1 . Successful 1 | . . 1 . Failed . | . . . . Catastrophic . | . . . . Database Lockouts . | . . . . Manual . | . . . . Terminals . | . . . . Fabricators . | . . . . Repair Stations . | . . . . Recycling Units . | . . . . Scanalyzers . | . . . . Garrison Access . | . . . . Terminal Hacks 1 | . . 1 . Open Door 1 | . . 1 . Fabricator Hacks . | . . . . Repair Station Hacks . | . . . . Recycling Unit Hacks . | . . . . Scanalyzer . | . . . . Garrison Access Hacks . | . . . . Unauthorized Hacks . | . . . . Terminals . | . . . . Fabricators . | . . . . Repair Stations . | . . . . Recycling Units . | . . . . Scanalyzers . | . . . . Garrison Access . | . . . . Data Cores Recovered . | . . . . Used . | . . . . Hacking Detections . | . . . . Full Trace Events . | . . . . Feedback Events . | . . . . Feedback Blocked . | . . . . Robot Schematics Acquired . | . . . . Robots Built . | . . . . Authchips . | . . . . Time . | . . . . Total Robot Build Rating . | . . . . Part Schematics Acquired . | . . . . Parts Built . | . . . . Authchips . | . . . . Time . | . . . . Total Part Build Rating . | . . . . Part Studies Acquired . | . . . . Parts Repaired . | . . . . Time . | . . . . Parts Recycled . | . . . . Recycled Matter . | . . . . Retrieved Matter . | . . . . Retrieved Components . | . . . . Parts Scanalyzed . | . . . . Part Schematics Acquired . | . . . . Parts Damaged . | . . . . Bothacking | -11 -10 -10 -10 ------------ Run | Yrd Mat Min Sub Used RIF Installer . | . . . . Robots Hacked . | . . . . Non-combat . | . . . . Combat . | . . . . Robot Hacks Applied . | . . . . Relay Couplers Released . | . . . . Fabnet Peak Effective % . | . . . . Robots Rewired . | . . . . Allies Hacked . | . . . . Hacks Repelled . | . . . . Allies | -11 -10 -10 -10 -------- Run | Yrd Mat Min Sub Total Allies . | . . . . Largest Group . | . . . . Highest-Rated Group . | . . . . Highest-Rated Ally . | . . . . Total Orders . | . . . . Ally Attacks . | . . . . Total Damage . | . . . . Kills . | . . . . Allies Corrupted . | . . . . Allies Melted . | . . . . Intel | -11 -10 -10 -10 ------- Run | Yrd Mat Min Sub Active Infowar (turns) 218 | 4 213 1 . Terrain 218 | 4 213 1 . Robot Analysis Total . | . . . . Derelict Logs Recovered 1 | . . 1 . Drone Launches . | . . . . Drone Recoveries . | . . . . Exploration | -11 -10 -10 -10 ------------- Run | Yrd Mat Min Sub Turns Passed 3105 | 218 373 1517 997 Spaces Moved 1984 | 154 445 1100 285 Core 24 | 24 . . . Treads . | . . . . Legs . | . . . . Wheels 277 | 130 147 . . Hover . | . . . . Flight 1683 | . 298 1100 285 Fastest Speed 34 | 50 34 34 34 Average Speed 61 | 94 60 58 53 Slowest Speed 290 | 100 290 114 117 Overloaded Moves . | . . . . Propulsion Burnouts . | . . . . Robots Hopped 4 | . 1 3 . Potential Cave-ins . | . . . . Cave-ins Triggered . | . . . . Exploration Rate (%) 52 | 5 85 102 17 Regions Visited 3 Branch Regions 2 Pre-discovered Areas 2 | . . 2 . Known Exits Taken 3 | 1 1 1 . Unknown Exits Taken . | . . . . Scrap Searched . | . . . . Spaces Dug 35 | . . 35 . Terrain Destroyed 36 | . . 36 . Melee . | . . . . Projectile 36 | . . 36 . AOE . | . . . . Terrain Rammed . | . . . . Walls Destroyed . | . . . . Machines Disabled . | . . . . Actions | -11 -10 -10 -10 --------- Run | Yrd Mat Min Sub Total 3302 | 189 498 1538 1077 Wait 1036 | 3 5 255 773 Move 1973 | 153 442 1093 285 Hop 4 | . 1 3 . Pick Up 21 | 8 11 2 . Fast Attach 4 | . 1 2 1 Attach 17 | 7 4 6 . Detach 6 | . 4 2 . Swap 10 | . 3 6 1 Drop 12 | . 2 9 1 Fire 217 | 18 25 159 15 Melee . | . . . . Ram 2 | . . 1 1 Kick . | . . . . Crush . | . . . . Escape Stasis . | . . . . Rewire . | . . . . Trap . | . . . . Miscellaneous . | . . . . Route ------- -11/Scrapyard -10/Materials (discovered 4 exits: *Mat x2 / *Min x2) -10/Mines (discovered 3 exits: *Mat x2 / *Sub) -10/Subcaves (discovered 1 exit: *Mat) History --------- Turn | Location | Event 4 | -11/Scrapyard | Identified exit to Materials 4 | -11/Scrapyard | Discovered exit to Materials (range 15) 219 | -11/Scrapyard | Entered Materials 219 | -10/Materials | Evolved 1 slot: Propulsion x1 297 | -10/Materials | Identified exit to Materials 297 | -10/Materials | Discovered exit to Materials (range 15) 312 | -10/Materials | Build established: Hacker-Mutant 436 | -10/Materials | Identified exit to Mines 436 | -10/Materials | Discovered exit to Mines (range 16) 520 | -10/Materials | Discovered exit to Materials (range 16) 580 | -10/Materials | Discovered exit to Mines (range 16) 592 | -10/Materials | Entered Mines 596 | -10/Mines | Learned location of Storage (-8) 597 | -10/Mines | Met a Derelict bent on vengeance 681 | -10/Mines | Core integrity fell below 50% 693 | -10/Mines | Core integrity fell below 20% 825 | -10/Mines | Discovered exit to Materials (range 4) 890 | -10/Mines | Met a Derelict who couldn't figure out how to use a Trap Extractor 901 | -10/Mines | Learned location of Zion (-6) 911 | -10/Mines | Discovered exit to Materials (range 5) 1225 | -10/Mines | Build established: Scavenger-Mutant 2102 | -10/Mines | Identified exit to Subcaves 2102 | -10/Mines | Discovered exit to Subcaves (range 6) 2109 | -10/Mines | Entered Subcaves 2907 | -10/Subcaves | Shifting Twisted Machinery released Battle Cannon 2915 | -10/Subcaves | Identified exit to Materials 2915 | -10/Subcaves | Discovered exit to Materials (range 15) 2948 | -10/Subcaves | Visited 4L-MR0's lab 3005 | -10/Subcaves | A swath of the cavern ceiling suddenly collapsed 3106 | -10/Subcaves | Destroyed by QH-ICH(R) with Subdweller Laser Last Messages --------------- away? 02950_ Testing Chamber breached. 02951_ 4L-MR0 mumbles to no one in particular: "Damn Subs sneaking around stealing my stuff." 02955_ 4L-MR0 mumbles: "I'm surprised some of them are even willing to come in here given their fear of my usual visitors." 03003_ 5X-NV9(R): "SUBMAD!" A swath of the cavern ceiling suddenly collapses. 03006_ System corrupted: Matter fused (-10). 03012_ Weight Redist. System destroyed. 03013_ Slammed into 5X-NV9(R). 03019_ 5X-NV9(R) suffers critical hit (Burn). 03019_ 5X-NV9(R) destroyed. 03037_ Subatomizers dissect the Wheel. 03040_ Acquired 26 matter. 03052_ Subatomizers dissect the Wheel. 03075_ System corrupted: Energy discharge (-54). 03098_ System corrupted: Heat flow error (+297). Map ----- +----------------------------------------------------+ | ### ##??# #?## ####???####???## | | ^## #??# #?# ##??????????????## ### | | #### #??## #?#####????????????????#####?# | | ^##??## #???#### #???????????????????????????? | | ###### ##???????###???????????????????????????? | | # # ##??????????????????????????????????????? | | #???????????????????????????????????????? | | # ### #???????????????????????????????????????? | | ##?####???????????????????????????????????????? | | ####?????????????????????????????????????????? | | #?????????????????????????????????????????? | | # #?????????????????????????????????????????? | | # #????????????????????????????????????????? | | # ### #????????????????????????????????????????? | | # #?? #????????????????????????????????????????? | | ####??? #???????????????????????????????????????? | | # "##???##???????????????????????????????????????? | | ## "## ??????????????????????????????????????????? | | """& ###?????????????????????????????????????????? | | # ####??????????????????????????????????????????? | | #""""##??????????????????????????????????????????? | | # "###??????????????????###??????????????????????? | | " "##???????????????????# #??????????????????????? | | "##"???????????????##### #??????????????????????? | | ######????????????## #??????????????????????? | | #""#"#?????######## @#??????????????????????? | | ##="""#?##### ## #??????????????????????? | | ## # #### ##" R #??????????????????????? | | #### ##??????????????????????? | | ### R## #???????????????????????? | | ## ### #???????????????????????? | | "" ### ##?# ##???????????????????????? | | "" ### ##?# #????????????????????????? | | #" # # # #?# #???????????????????????? | | ## ### #??????????????????????? | | ?#""""""" #?# ## #?????????????????????? | | ?# ####?# ## ##?????????????????????? | | ?### # #???### ##??????????????????????? | | ???# #????## ##???????????????????????? | | ??# #?????# ###????????????????????????? | | ??# #### #????# #???????????????????????????? | | ?? #???? #???? #???????????????????????????? | | ? ????? ##???? ???????????????????????????? | | ????? ?????? ????????????????????????????? | | ?????? #?????????????????????????????????????? | | ?????? ##?????????????????????????????????????? | | ???????? ??????????????????????????????????????? | | ?????????????????????????????????????????????????? | | ?????????????????????????????????????????????????? | | ?????????????????????????????????????????????????? | +----------------------------------------------------+ Best States ------------- Heat Dissipation 39 Energy Generation 14 Energy Capacity 250 Matter Stores 300 Matter Capacity 300 Sight Range 16 Terrain Scan Range 16 Terrain Scan Density 10 Additional Mass Support 6 Resistance: KI 35 Resistance: TH 35 Resistance: EX 35 Resistance: EM 35 Resistance: I 35 Resistance: S 35 Resistance: P 35 Evasion (%) 63 Offensive Hacking 20 Item Schematics ----------------- None Robot Schematics ------------------ None Fabricated ------------ Nothing Repaired ---------- Nothing Studied --------- None Alien Tech Used ----------------- None Achievements -------------- None Challenges ------------ None Game ------ Seed SpreadChainDirector Manual? 0 Play Time 00:19:08 Cumulative 200.7 hours Start 2025.12.16 @ 12:02:22 End 2025.12.16 @ 12:22:45 Sessions 1 Manual Loads 0 Difficulty Explorer Special Mode None Game No. 304 Rogue 0 Adventurer 0 Explorer 304 Win Type - Total 0 Types 0/0/0/0/0/0/0/0/0/0 Lore% 71 Gallery% 67 Achievement% 53 Wizard Run 0 Options --------- Layout 1 ASCII 0 Keyboard 0 Movement Mouse Keybinds 0 Fullscreen 1 Font 24/Smallcaps Map View 50x35 Zoom Use 0% Tactical HUD 1 Map Filters NONE Filters NONE Steam 1 RUN: 20b34923-6b8a-41ee-b4da-6ef953d18e93